Cogmind - Beta 16 @@@ ROGUE MODE // 2025.11.26 @ 15:40:37 Player: beans Result: Destroyed by Y-54 Guardian with Gatling Laser Performance ------------- Evolutions (3) 1500 Regions Visited (5) 1000 Robots Destroyed (51) 255 Value Destroyed (1372) 1372 Prototype IDs (3) 60 Alien Tech Used (0) 0 Bonus (0) 0 TOTAL SCORE: 4187 Bonus ------- None Cogmind --------- Core Integrity 0/700 Matter 230/300 Energy 90/100 System Corruption 3% Temperature Cool (12) Movement Core (50) Location -7/Factory Parts ------- > --- POWER (1) -------- (None) > --- PROPULSION (6) --- (None) > --- UTILITY (4) ------ Salvage Targeting Computer > --- WEAPON (2) ------- (None) > --- INVENTORY (5) ---- Particle Gun Cooled Pulse Rifle Heavy Ion Cannon Precision Assault Rifle Plasma Cutter Peak State ------------ > --- POWER ------------ Enhanced Nuclear Core > --- PROPULSION ------- Flight Unit Flight Unit VTOL Module > --- UTILITY ---------- Improved Heat Sink Improved Heat Sink Salvage Targeting Computer > --- WEAPON ----------- Field Laser Field Laser > --- INVENTORY -------- Energy Filter Medium Reflective Plating Improved EM Pulse Cannon Flak Cannon Plasma Cutter [Rating: 24] Favorites ----------- Power Improved Ion Engine Engine Improved Ion Engine Power Core Enhanced Nuclear Core Propulsion Flight Unit Hover Unit Airjet Flight Unit Flight Unit Utility Salvage Targeting Computer Device Improved Heat Sink Processor Salvage Targeting Computer Protection Medium Reflective Plating Weapon Field Laser Energy Gun Field Laser Energy Cannon Improved EM Pulse Cannon Ballistic Gun Light Assault Rifle Ballistic Cannon Flak Cannon Impact Weapon Heavy Flail Build | -11 -10 -9 -9 -8 -7 ------- Run | Yrd Mat Mat Min Mat Fac Slots Evolved 6 | . . 2 . 2 2 Power . | . . . . . . Propulsion 4 | . . 2 . 2 . Utility 2 | . . . . . 2 Weapon . | . . . . . . Parts Attached 39 | . 2 15 1 8 13 Power 4 | . . 3 . . 1 Engine 2 | . . 2 . . . Core 2 | . . 1 . . 1 Reactor . | . . . . . . Propulsion 8 | . . 5 . 2 1 Treads . | . . . . . . Leg . | . . . . . . Wheel . | . . . . . . Hover 1 | . . . . . 1 Flight 7 | . . 5 . 2 . Utility 8 | . . 2 1 2 3 Device 5 | . . 1 . 2 2 Storage . | . . . . . . Processor 2 | . . 1 1 . . Hackware . | . . . . . . Protection 1 | . . . . . 1 Artifact . | . . . . . . Weapon 19 | . 2 5 . 4 8 Energy Gun 5 | . . . . 4 1 Energy Cannon 1 | . . . . . 1 Ballistic Gun 9 | . 2 5 . . 2 Ballistic Cannon 3 | . . . . . 3 Launcher . | . . . . . . Special Weapon . | . . . . . . Impact Weapon 1 | . . . . . 1 Slashing Weapon . | . . . . . . Piercing Weapon . | . . . . . . Special Melee Weapon . | . . . . . . Unidentified Prototypes 3 | . . . . . 3 Parts Lost 23 | . . 6 . 5 12 Power 3 | . . 1 . 1 1 Propulsion 8 | . . 1 . 3 4 Utility 5 | . . 1 . . 4 Weapon 7 | . . 3 . 1 3 Highest Loss Streak 7 | . . 4 . 2 7 To Critical Strikes . | . . . . . . Average Backups 4 | . 1 4 4 4 4 Power . | . . . . . . Propulsion . | . . . . . . Utility 1 | . . 1 1 1 1 Weapon 2 | . 1 2 3 2 1 Tool/Special . | . . . . . . Unused Backups 6 | . . . . 4 2 Power . | . . . . . . Propulsion . | . . . . . . Utility 2 | . . . . 2 . Weapon 3 | . . . . 2 1 Tool/Special 1 | . . . . . 1 Average Slot Usage (%) 49 | . 19 39 100 79 34 Engine 3 | . . 1 11 8 . Core 1 | . . 3 . . 2 Flight 16 | . . 10 44 35 6 Device 4 | . . 3 . 6 5 Processor 6 | . . . 22 11 7 Energy Gun 5 | . . . . 14 5 Ballistic Gun 9 | . 19 20 22 3 1 Peak Build Rating 24 | . 2 12 14 19 24 Average Rating 11 | . 1 5 14 16 13 On Entrance 7 | . . 2 12 14 16 Avg Prop Armor Cover (%) 3 | . . . . 3 . Naked Turns 42 | . 42 . . . . Heaviest Build 19 | . 2 13 13 14 19 Greatest Support 20 | 3 3 16 16 20 12 Greatest Overweight (x) 4 | . . 3 . 1 4 Average Overweight (x) . | . . . . . . Largest Inventory Capacity 5 | 5 5 5 5 5 5 Average Capacity 5 | 5 5 5 5 5 5 Most Carried 5 | 1 3 5 4 5 5 Average Carried 4 | . 1 4 4 4 4 Final Capacity 5 | 5 5 5 5 5 5 Final Carried 5 | 1 3 5 4 5 5 Class Distribution -------------------- 56% | Mutant 33% | Scavenger-Sprinter 8% | Scavenger-Mutant Dominant Class ---------------- Mutant | -10/Materials Mutant | -9/Materials Scavenger-Sprinter | -9/Mines Scavenger-Sprinter | -8/Materials Mutant | -7/Factory Resources | -11 -10 -9 -9 -8 -7 ----------- Run | Yrd Mat Mat Min Mat Fac Matter Collected 965 | 170 92 376 32 123 172 Remotely . | . . . . . . Salvage Created 2128 | . 229 504 46 913 436 Parts 110 | . 12 41 5 39 13 Haulers Intercepted 3 | . 1 . . 1 1 Recyclers Shooed 1 | . . 1 . . . Parts Field Recycled . | . . . . . . Retrieved Matter . | . . . . . . Parts Self-Destructed . | . . . . . . Prevented . | . . . . . . Parts Restored . | . . . . . . Kills | -11 -10 -9 -9 -8 -7 ------- Run | Yrd Mat Mat Min Mat Fac Combat Hostiles Destroyed 33 | . 4 14 . 9 6 Melee 1 | . . . . . 1 Guns 27 | . 4 14 . 7 2 Cannons 2 | . . . . . 2 Classes Destroyed 10 | . 2 4 . 2 2 Worker 6 | . . 3 2 1 . Hauler 3 | . 1 . . 1 1 Recycler 5 | . . . . 4 1 Watcher 4 | . . 1 . 2 1 Swarmer 7 | . . 6 . 1 . Grunt 14 | . 4 4 . 3 3 Duelist 1 | . . . . . 1 Sentry 9 | . . 4 . 4 1 Hunter 1 | . . . . 1 . Programmer 1 | . . . . . 1 Best Kill Streak 10 | . 3 10 2 6 2 Combat Bots Only 5 | . 2 5 . 2 1 Max Kills in Single Turn 1 | . 1 1 1 1 1 Gunslinging . | . . . . . . Exploded . | . . . . . . Melee 1 | . . . . . 1 Uniques/NPCs Destroyed . | . . . . . . Combat | -11 -10 -9 -9 -8 -7 -------- Run | Yrd Mat Mat Min Mat Fac Hostile Shots Fired 415 | . 14 107 . 63 231 Missed 153 | . 3 35 . 28 87 Hits 262 | . 11 72 . 35 144 Melee 8 | . . . . . 8 Projectile 254 | . 11 72 . 35 136 Critical Strikes 13 | . . 4 . 5 4 Damage Taken 3285 | . 134 768 . 484 1899 Core 1176 | . 56 304 . 111 705 Absorbed by Shields . | . . . . . . Ignored by Resistances 71 | . . . . . 71 Core Remaining (%) 70 | 100 77 . 24 79 . Volleys Fired 157 | . 22 51 2 58 24 Largest 2 | . 2 2 2 2 2 Hottest 126 | . 40 46 46 126 126 Shots Fired 303 | . 44 98 4 112 45 Gun 284 | . 44 98 4 112 26 Cannon 19 | . . . . . 19 Launcher . | . . . . . . Special . | . . . . . . Kinetic 177 | . 44 98 4 6 25 Thermal 122 | . . . . 106 16 Explosive . | . . . . . . Electromagnetic 4 | . . . . . 4 Robot Hit Streak 10 | . 10 5 2 6 9 Robot Miss Streak 6 | . 6 6 . 3 6 Penetration Max . | . . . . . . Secondary Targets 4 | . . 4 . . . Max Gunslinging Chain 1 | . . 1 . . . Shots Hit Robots 190 | . 27 58 1 62 42 Core Hits 100 | . 14 31 2 25 28 Critical Kills . | . . . . . . Critical Parts Destroyed 1 | . . . . . 1 Critical Strikes 9 | . . . . 6 3 Burn 8 | . . . . 6 2 Smash 1 | . . . . . 1 Melee Attacks 8 | . . . . . 8 Impact 8 | . . . . . 8 Slashing . | . . . . . . Piercing . | . . . . . . Sneak Attacks . | . . . . . . Combat Hostiles . | . . . . . . Follow-up Attacks . | . . . . . . Damage Inflicted 3060 | . 236 713 35 1051 1025 Guns 2442 | . 236 713 35 1051 407 Cannons 254 | . . . . . 254 Explosions . | . . . . . . Melee 363 | . . . . . 363 Ramming 1 | . . . . . 1 Kinetic 1454 | . 236 713 35 64 406 Thermal 1219 | . . . . 987 232 Explosive . | . . . . . . Electromagnetic 23 | . . . . . 23 Impact 363 | . . . . . 363 Slashing . | . . . . . . Piercing . | . . . . . . Highest Corruption 3 | . . . . . 3 Average Corruption 2 | . . . . . 2 Corruption Purged . | . . . . . . Corruption Blocked . | . . . . . . Effects 4 | . . . . . 4 Message Errors 1 | . . . . . 1 Data Loss (minor) 2 | . . . . . 2 Data Loss (major) 1 | . . . . . 1 Overload Shots 2 | . . . . . 2 Effects 1 | . . . . . 1 Energy Bleed 1 | . . . . . 1 Overflow Damage 132 | . . . . . 132 Projectiles . | . . . . . . Explosions . | . . . . . . Melee 132 | . . . . . 132 Knockbacks 6 | . . . . . 6 Impact 1 | . . . . . 1 Kinetic 5 | . . . . . 5 Secondary . | . . . . . . Self-Inflicted Damage . | . . . . . . Shots . | . . . . . . Rammed 1 | . . . . . 1 Targets Rammed 1 | . . . . . 1 Kicked . | . . . . . . Crushed . | . . . . . . Highest Temperature 261 | . 4 16 1 261 62 Average Temperature 60 | . 1 6 1 72 17 Received Heat Transfer 1233 | . 75 261 . 252 645 Siege Activations . | . . . . . . Martial Activations . | . . . . . . Shielding Activations . | . . . . . . Robots Disrupted . | . . . . . . Combat Hostiles . | . . . . . . Robots Corrupted 1 | . . . . . 1 Combat Hostiles . | . . . . . . Parts Fried . | . . . . . . Impact Corruptions 5 | . . . . . 5 Robots Melted 3 | . . . . 2 1 Combat Hostiles 3 | . . . . 2 1 Parts Melted 9 | . . . . 6 3 Heat Transferred 3195 | . . . . 2590 605 Parts Sabotaged . | . . . . . . Parts Stolen . | . . . . . . Parts Stripped . | . . . . . . Power Chain Reactions . | . . . . . . Alert | -11 -10 -9 -9 -8 -7 ------- Run | Yrd Mat Mat Min Mat Fac Maximum Alert Level 1 | . . 1 . . . Low Security (%) 98 | 100 100 93 100 100 100 Level 1 1 | . . 6 . . . Level 2 . | . . . . . . Level 3 . | . . . . . . Level 4 . | . . . . . . Level 5 . | . . . . . . High Security . | . . . . . . Max Security . | . . . . . . Peak Influence 210 | . 52 210 86 153 97 Initial 76 | . . 17 76 17 60 Average 61 | . 23 81 68 80 48 Influence Increases 1222 | . 112 397 10 358 345 Destroy 0b10 Robot/C 660 | . 80 280 . 180 120 Destroy 0b10 Robot/NC 90 | . 5 20 10 40 15 Destroy Leader 214 | . 12 82 . 76 44 Disable Machine 15 | . . . . 15 . Destroy Structure 3 | . . . . 2 1 Partial Spotted 60 | . 15 15 . . 30 Lose Combat Pursuer 180 | . . . . 45 135 Influence Decreases 1153 | . 70 242 161 269 411 Entered New Map 250 | . . 25 121 29 75 Time Decay 693 | . 70 157 40 190 236 Lost Part 210 | . . 60 . 50 100 Squads Dispatched 11 | . 1 2 . 1 7 Investigation 1 | . . 1 . . . Extermination 2 | . . . . . 2 Reinforcement 4 | . 1 1 . 1 1 Assault . | . . . . . . Garrison 4 | . . . . . 4 Intercept . | . . . . . . Searches Triggered . | . . . . . . Construction Impeded . | . . . . . . Haulers Reinforced 1 | . . . . . 1 Active Scanning Responses . | . . . . . . Cargo Convoy Interrupts . | . . . . . . Stealth | -11 -10 -9 -9 -8 -7 --------- Run | Yrd Mat Mat Min Mat Fac Distress Signals 7 | . 1 3 . 2 1 Communications Jammed . | . . . . . . Distress Signals . | . . . . . . Times Spotted 73 | . 7 22 1 18 25 Peak Tracking Total 7 | . 3 7 1 5 6 Tactical Retreats 7 | . . . . 1 6 Traps | -11 -10 -9 -9 -8 -7 ------- Run | Yrd Mat Mat Min Mat Fac Traps Triggered 1 | . . 1 . . . Indirectly . | . . . . . . Trap Hack Attempts . | . . . . . . Triggered . | . . . . . . Disarmed . | . . . . . . Reprogrammed . | . . . . . . Reused . | . . . . . . Traps Extracted . | . . . . . . Installed . | . . . . . . Triggered . | . . . . . . Machines | -11 -10 -9 -9 -8 -7 ---------- Run | Yrd Mat Mat Min Mat Fac Machines Disabled 1 | . . . . 1 . Max in Single Turn 1 | . . . . 1 . Machines Repaired . | . . . . . . Machines Dismantled . | . . . . . . Machines Sabotaged . | . . . . . . Overloaded Fab Kills . | . . . . . . Hacking | -11 -10 -9 -9 -8 -7 --------- Run | Yrd Mat Mat Min Mat Fac Machines Accessed 1 | . . . . . 1 Terminals . | . . . . . . Fabricators 1 | . . . . . 1 Repair Stations . | . . . . . . Recycling Units . | . . . . . . Scanalyzers . | . . . . . . Garrison Access . | . . . . . . Total Hacks 1 | . . . . . 1 Successful . | . . . . . . Failed 1 | . . . . . 1 Catastrophic . | . . . . . . Database Lockouts . | . . . . . . Manual . | . . . . . . Terminals . | . . . . . . Fabricators 1 | . . . . . 1 Repair Stations . | . . . . . . Recycling Units . | . . . . . . Scanalyzers . | . . . . . . Garrison Access . | . . . . . . Terminal Hacks . | . . . . . . Fabricator Hacks . | . . . . . . Repair Station Hacks . | . . . . . . Recycling Unit Hacks . | . . . . . . Scanalyzer . | . . . . . . Garrison Access Hacks . | . . . . . . Unauthorized Hacks . | . . . . . . Terminals . | . . . . . . Fabricators . | . . . . . . Repair Stations . | . . . . . . Recycling Units . | . . . . . . Scanalyzers . | . . . . . . Garrison Access . | . . . . . . Data Cores Recovered . | . . . . . . Used . | . . . . . . Hacking Detections 1 | . . . . . 1 Full Trace Events . | . . . . . . Feedback Events . | . . . . . . Feedback Blocked . | . . . . . . Robot Schematics Acquired . | . . . . . . Robots Built . | . . . . . . Authchips . | . . . . . . Time . | . . . . . . Total Robot Build Rating . | . . . . . . Part Schematics Acquired . | . . . . . . Parts Built . | . . . . . . Authchips . | . . . . . . Time . | . . . . . . Total Part Build Rating . | . . . . . . Part Studies Acquired . | . . . . . . Parts Repaired . | . . . . . . Time . | . . . . . . Parts Recycled . | . . . . . . Recycled Matter . | . . . . . . Retrieved Matter . | . . . . . . Retrieved Components . | . . . . . . Parts Scanalyzed . | . . . . . . Part Schematics Acquired . | . . . . . . Parts Damaged . | . . . . . . Bothacking | -11 -10 -9 -9 -8 -7 ------------ Run | Yrd Mat Mat Min Mat Fac Used RIF Installer . | . . . . . . Robots Hacked . | . . . . . . Non-combat . | . . . . . . Combat . | . . . . . . Robot Hacks Applied . | . . . . . . Relay Couplers Released . | . . . . . . Fabnet Peak Effective % . | . . . . . . Robots Rewired . | . . . . . . Allies Hacked . | . . . . . . Hacks Repelled . | . . . . . . Allies | -11 -10 -9 -9 -8 -7 -------- Run | Yrd Mat Mat Min Mat Fac Total Allies . | . . . . . . Largest Group . | . . . . . . Highest-Rated Group . | . . . . . . Highest-Rated Ally . | . . . . . . Total Orders . | . . . . . . Ally Attacks . | . . . . . . Total Damage . | . . . . . . Kills . | . . . . . . Allies Corrupted . | . . . . . . Allies Melted . | . . . . . . Intel | -11 -10 -9 -9 -8 -7 ------- Run | Yrd Mat Mat Min Mat Fac Active Infowar (turns) . | . . . . . . Robot Analysis Total . | . . . . . . Derelict Logs Recovered 2 | . . . 2 . . Drone Launches . | . . . . . . Drone Recoveries . | . . . . . . Exploration | -11 -10 -9 -9 -8 -7 ------------- Run | Yrd Mat Mat Min Mat Fac Turns Passed 1609 | 27 188 336 84 438 536 Spaces Moved 1852 | 51 239 224 247 574 517 Core 696 | 51 239 123 . . 283 Treads . | . . . . . . Legs . | . . . . . . Wheels . | . . . . . . Hover 25 | . . . . . 25 Flight 1131 | . . 101 247 574 209 Fastest Speed 28 | 50 50 31 31 28 32 Average Speed 51 | 50 50 70 31 32 75 Slowest Speed 355 | 50 50 200 31 114 355 Overloaded Moves . | . . . . . . Propulsion Burnouts . | . . . . . . Robots Hopped 6 | . . 3 . 2 1 Potential Cave-ins . | . . . . . . Cave-ins Triggered . | . . . . . . Exploration Rate (%) 31 | 3 44 25 68 38 13 Regions Visited 5 Branch Regions 1 Pre-discovered Areas 1 | . . . 1 . . Known Exits Taken . | . . . . . . Unknown Exits Taken 5 | 1 1 1 1 1 . Scrap Searched 1 | . . . 1 . . Spaces Dug . | . . . . . . Terrain Destroyed 1 | . . . . . 1 Melee . | . . . . . . Projectile 1 | . . . . . 1 AOE . | . . . . . . Terrain Rammed . | . . . . . . Walls Destroyed . | . . . . . . Machines Disabled . | . . . . . . Actions | -11 -10 -9 -9 -8 -7 --------- Run | Yrd Mat Mat Min Mat Fac Total 2196 | 51 271 306 249 711 608 Wait 86 | . 5 5 . 49 27 Move 1835 | 50 238 217 246 569 515 Hop 6 | . . 3 . 2 1 Pick Up 33 | 1 4 10 . 10 8 Fast Attach 13 | . . 5 . 4 4 Attach 23 | . 2 10 1 . 10 Detach 6 | . . 2 . . 4 Swap 11 | . . 2 . 8 1 Drop 17 | . . 1 . 11 5 Fire 157 | . 22 51 2 58 24 Melee 8 | . . . . . 8 Ram 1 | . . . . . 1 Kick . | . . . . . . Crush . | . . . . . . Escape Stasis . | . . . . . . Rewire . | . . . . . . Trap . | . . . . . . Miscellaneous . | . . . . . . Route ------- -11/Scrapyard -10/Materials -9/Materials -9/Mines (discovered 2 exits: [*Mat x2]) -8/Materials -7/Factory (discovered 2 exits: Sto / [*Low]) History --------- Turn | Location | Event 5 | -11/Scrapyard | Discovered new exit (range 15) 28 | -11/Scrapyard | Entered Materials 211 | -10/Materials | Discovered new exit (range 10) 216 | -10/Materials | Entered another Materials area 216 | -9/Materials | Evolved 2 slots: Propulsion x2 318 | -9/Materials | Build established: Mutant 415 | -9/Materials | Core integrity fell below 50% 485 | -9/Materials | Lost 4 parts (1p1u2w) 537 | -9/Materials | Discovered new exit (range 8) 552 | -9/Materials | Entered Mines 554 | -9/Mines | Met a Derelict bent on vengeance 586 | -9/Mines | Discovered new exit (range 8) 608 | -9/Mines | Learned location of Zion (-7) 635 | -9/Mines | Discovered new exit (range 4) 636 | -9/Mines | Entered Materials 636 | -8/Materials | Evolved 2 slots: Propulsion x2 828 | -8/Materials | Build established: Scavenger-Sprinter 904 | -8/Materials | Discovered new exit (range 9) 1074 | -8/Materials | Entered Factory 1074 | -7/Factory | Evolved 2 slots: Utility x2 1075 | -7/Factory | Identified exit to Storage 1219 | -7/Factory | Discovered new exit (range 10) 1238 | -7/Factory | Garrison activated, responded to threat 1293 | -7/Factory | Lost 7 parts (3n2u2w) 1396 | -7/Factory | Core integrity fell below 50% 1403 | -7/Factory | Lost 3 parts (1p1n1u) 1499 | -7/Factory | Build established: Mutant 1536 | -7/Factory | Garrison activated, responded to threat 1572 | -7/Factory | Core integrity fell below 20% 1610 | -7/Factory | Destroyed by Y-54 Guardian with Gatling Laser Last Messages --------------- Dropped Flak Cannon. Acquired 38 matter. K-01 Serf collects debris. Acquired Prc. Assault Rifle. K-01 Serf collects debris. G-47 Trooper destroyed. K-01 Serf collects debris. Acquired Particle Gun. K-01 Serf cleans the Fabricator. K-01 Serf collects debris. ALERT: Potential suspicious activity detected, Programmers report to Factory Zone 3U. Nuclear Reactor explodes. G-47 Trooper destroyed. Nuclear Reactor explodes. G-47 Trooper destroyed. Med. Reflective Plating destroyed. Prc. Assault Rifle destroyed. K-01 Serf collects debris. The unstable cave ceiling collapses. Map ----- +----------------------------------------------------+ | ??# ! # #####+#########/##?# # """T | | ### # #???# #??????? ?###+######## | | + # #???# #??????? ???????????? | | ### """ """ # ##### ####### """ #??????????? | | ??# """ """ # % + """ #??????????? | | ??# """ """ # ## """ #??????????? | | ??# # ] ! ## #??????????? | | ??# """ """ # ] #########??????????? | | ??# """ """ # ] "" "" #?????????????????? | | ??# """ """ # ""F"" ????????????? | | ??# ! ? # """ ######????????????? | | #?##########??## ###########?????????????????? | | #??????????????### ###???????????????????????????? | | #????????????????# #?????????????????????????????? | | ##########??????## ##???????"????????????????????? | | #??????# #######?"???? ???????????????? | | #??????+ ! +? ?? ???????????????? | | #??????# ####### """ ????????????????? | | =#??????## ##?????? """ ?????????????????? | | #?#+#???# #?####?? """??????????????????? | | """ """ #?# #???# ### ## ???????????????????? | | """ """ #?# #???# # # ##??????????????????? | | """ """ #?# #???# # #??????????????????? | | ####+####### #####Y ""#??????????????????? | | ?# ""#??????????????????? | | ## ! u ! @ ""#??????????????????? | | k %= T#??????????????????? | | ## =g = ""#??????????????????? | | ?# """"""" !% ""#??????????????????? | | ?# """"""" ]""" ""#??????????????????? | | ?# """""" ]""" #??????????????????? | | ?# """""" [ " ####??????????????????? | | ?# [[["F"#### ###?????????????????????? | | """#?? =????????????????????????? | | #?? ????????????????????????? | | % #?? ]????????????????????????? | | ############### = #?? ????????????????????????? | | ??????????????# #??S ????????????????????????? | | ??????????????# #?"""????????????????????????? | | ??????????????+ ## #???"????????????????????????? | | ??????????????# #? #????????????????????????????? | | ??????????????# #?+#????????????????????????????? | | ??????????????# #???????????????????????????????? | | ??????????????? #???????????????????????????????? | | ??????????????? ????????????????????????????????? | | ??????????????? ????????????????????????????????? | | ??????????????? ????????????????????????????????? | | ?????????????????????????????????????????????????? | | ?????????????????????????????????????????????????? | | ?????????????????????????????????????????????????? | +----------------------------------------------------+ Best States ------------- Heat Dissipation 62 Energy Generation 17 Energy Capacity 300 Matter Stores 300 Matter Capacity 300 Sight Range 16 Terrain Scan Density 10 Armor Coverage 225 Resistance: TH 15 Evasion (%) 64 Targeting Accuracy 6 Energy Filtering 30 Salvage Targeting 1 Item Schematics ----------------- None Robot Schematics ------------------ None Fabricated ------------ Nothing Repaired ---------- Nothing Studied --------- None Alien Tech Used ----------------- None Achievements -------------- None Challenges ------------ None Game ------ Seed DeflectorHardlightJetlance Manual? 0 Play Time 00:25:14 Cumulative 219.3 hours Start 2025.11.25 @ 15:44:10 End 2025.11.26 @ 15:40:37 Sessions 1 Manual Loads 0 Difficulty Rogue Special Mode None Game No. 620 Rogue 619 Adventurer 1 Explorer 0 Win Type - Total 0 Types 0/0/0/0/0/0/0/0/0/0 Lore% 65 Gallery% 62 Achievement% 38 Wizard Run 0 Options --------- Layout 1 ASCII 0 Keyboard 0 Movement Mouse Keybinds 0 Fullscreen 1 Font 24/Smallcaps Map View 50x35 Zoom Use 0% Tactical HUD 0 Map Filters NONE Filters NONE Steam 1 RUN: 1320cf1b-49c0-440b-a9af-4846a9fd9dfa